 Dungeon Crawl Stone Soup version 0.30-a0-137-gd8773701ce (webtiles) character file.

Game seed: 12757478235059408620

644 Casaw the Vexing (level 7, -7/32 HPs)
             Began as a Spriggan Enchanter on Sept 23, 2022.
             Killed from afar by Natasha (18 damage)
             ... with a bolt of light
             ... on level 4 of the Dungeon.
             The game lasted 00:12:13 (5010 turns).

Casaw the Vexing (Spriggan Enchanter)               Turns: 5010, Time: 00:12:13

Health: -7/32      AC:  3    Str:  6    XL:     7   Next: 27%
Magic:  11/17      EV: 17    Int: 17    God:
Gold:   249        SH:  0    Dex: 15    Spells: 11/19 levels left

rFire   . . .      SeeInvis +    a - +5 dagger
rCold   . . .      Faith    .    (no shield)
rNeg    . . .      Spirit   .    b - +1 robe
rPois   .          Reflect  .    i - +0 hat
rElec   .          Harm     .    (no cloak)
rCorr   .          Rampage  .    (gloves unavailable)
Will    +....                    (boots unavailable)
Stlth   +.........               (no amulet)
HPRegen 0.10/turn                h - ring of flight
MPRegen 0.15/turn                (no ring)

@: confused, flying, very quick
A: very small, no large weapons, unfitting armour, see invisible, speed 3
a: no special abilities


You were on level 4 of the Dungeon.
You visited 1 branch of the dungeon, and saw 4 of its levels.

You collected 249 gold pieces.

Inventory:

Hand Weapons
 a - a +5 dagger (weapon)
 f - a +0 demon trident of draining
 j - a +3 dagger
Armour
 b - a +1 robe (worn)
 i - a +0 hat (worn)
Jewellery
 h - a ring of flight (left hand)
Scrolls
 n - a scroll of teleportation {unknown}
Potions
 c - 3 potions of invisibility
 d - a potion of might {unknown}
 e - 2 potions of ambrosia
 g - a potion of cancellation
 k - a potion of resistance {unknown}
 l - 2 potions of curing {unknown}
 m - a potion of degeneration {unknown}


   Skills:
 - Level 1.1 Short Blades
 - Level 2.6 Dodging
 + Level 6.8 Stealth
 + Level 6.6 Spellcasting
 + Level 7.1 Hexes


You had 11 spell levels left.
You knew the following spells:

 Your Spells              Type           Power      Damage    Failure   Level
a - Ensorcelled Hibernat  Hex/Ice        34%        N/A       4%          2
b - Tukima's Dance        Hex            29%        N/A       1%          3
d - Confusing Touch       Hex            29%        N/A       1%          3

Your spell library contained the following spells:

 Spells                   Type           Power      Damage    Failure   Level
 Dazzling Flash           Conj/Hex       34%        N/A       9%          3
 Ozocubu's Armour         Ice            5%         N/A       36%         3
 Animate Dead             Necr           5%         N/A       77%         4
 Haunt                    Necr/Summ      2%         N/A       100%        7
 Ozocubu's Refrigeration  Ice            2%         4d8       100%        7
 Infestation              Necr           2%         N/A       100%        8


Dungeon Overview and Level Annotations

Branches:
Dungeon (4/15)
 Temple: D:4-7

Altars:
Cheibriados

Annotations:
D:4 Natasha


Innate Abilities, Weirdness & Mutations

You are very small and have problems with some larger weapons.
You are too small for most types of armour.
You have supernaturally acute eyesight. (SInv)
You cover ground extremely quickly. (Speed+++)


Message History

Aiming: Ensorcelled Hibernation (safe; 4% risk of failure)
Press: ? - help, Shift-Dir - straight line, f - Natasha
Aim: Natasha, carrying a wand of light (9) (almost dead, chance to affect: 50%) Natasha resists with some effort.
Natasha closely misses you.
Casting: Ensorcelled Hibernation (safe; 4% risk of failure)
Confirm with . or Enter, or press ? or * to list all spells.
Aiming: Ensorcelled Hibernation (safe; 4% risk of failure)
Press: ? - help, Shift-Dir - straight line, f/p - Natasha
Aim: Natasha, carrying a wand of light (9) (almost dead, chance to affect: 50%) Natasha resists with some effort.
Natasha zaps a wand.
The bolt of light hits you!
You are confused.
Unknown command.
You're too confused to cast spells.
Sorry, you're not good enough to have a special ability.
Unknown command.
Unknown command.
Okay, then.
Unknown command.
You miss Natasha.
Natasha is almost dead.
Natasha casts a spell at you. You resist with almost no effort.
You miss Natasha.
Natasha is almost dead.
Natasha claws you.
You feel less confused.
You see here a wand of light (6).
Unknown command.
Casting: Ensorcelled Hibernation (safe; 4% risk of failure)
Confirm with . or Enter, or press ? or * to list all spells.
Aiming: Ensorcelled Hibernation (safe; 4% risk of failure)
Press: ? - help, Shift-Dir - straight line, f/p - Natasha
Aim: Natasha, carrying a wand of light (8) (almost dead, chance to affect: 50%) Natasha looks drowsy...
Natasha hisses angrily.
Natasha zaps a wand.
The bolt of light hits you!!
You are confused.
Ouch! That really hurt!
You die...

############# ##.....#.....##
##.............##
#...............#
#....†..........#
#.........!.....#
#......h@/......#
#..........(....#
#########...............#
.......###.............##########
.......####...........##........#
.......##.........######^.......#
.......##.........# #........#
.......##.........# #........#
.......##########.# ####.........


You could see Natasha.

Vanquished Creatures
  A phantom (D:4)
  A scorpion (D:4)
  3 wights
  A hound (D:4)
  An iron imp (D:3)
  3 orc priests
  An iguana (D:4)
  Natasha (D:4)
  6 adders
  2 worms (D:2)
  2 dart slugs
  15 orcs
  8 ball pythons
  An endoplasm (D:1)
  A giant cockroach (D:4)
  4 goblins
  11 hobgoblins
  2 jackals (D:4)
  8 kobolds
  5 quokkas
  4 bats
  4 frilled lizards
  5 rats
90 creatures vanquished.

Vanquished Creatures (others)
  3 dancing weapons (D:4)
3 creatures vanquished.

Grand Total: 93 creatures vanquished

Notes
Turn   | Place    | Note
-------+----------+-------------------------------------------
     0 | D:1      | Casaw the Spriggan Enchanter began the quest for the Orb.
     0 | D:1      | Reached XP level 1. HP: 9/9 MP: 5/5
   168 | D:2      | Reached skill level 4 in Hexes
   324 | D:1      | Reached XP level 2. HP: 13/13 MP: 7/7
   327 | D:1      | Learned a level 2 spell: Ensorcelled Hibernation
  1370 | D:2      | Reached XP level 3. HP: 16/16 MP: 9/9
  1374 | D:2      | Learned a level 3 spell: Tukima's Dance
  1378 | D:2      | Learned a level 3 spell: Confusing Touch
  1837 | D:2      | Reached XP level 4. HP: 21/21 MP: 6/11
  2014 | D:2      | Reached skill level 5 in Hexes
  2150 | D:2      | Found a faded altar of an unknown god.
  2987 | D:3      | Reached XP level 5. HP: 24/24 MP: 10/13
  3048 | D:3      | Reached skill level 5 in Spellcasting
  3207 | D:3      | Found a snail-covered altar of Cheibriados.
  3421 | D:4      | Noticed a phantom
  3433 | D:4      | Killed a phantom
  3434 | D:4      | Reached skill level 5 in Stealth
  3434 | D:4      | Reached skill level 6 in Hexes
  3532 | D:4      | Noticed Natasha
  3538 | D:4      | Killed Natasha
  3539 | D:4      | Reached XP level 6. HP: 28/28 MP: 10/15
  3783 | D:4      | Identified the +1 leather armour of Budued {rF+ MP+9}
  4218 | D:4      | HP: 1/25 [wight (2)]
  4646 | D:4      | Reached XP level 7. HP: 27/32 MP: 11/17
  4663 | D:4      | Reached skill level 7 in Hexes
  4998 | D:4      | Noticed Natasha
  5010 | D:4      | Killed from afar by Natasha

Illustrated notes

Levels and vault maps discovered:
D:1:      dpeg_arrival_refuge, layout_basic
D:2:      minmay_alternating_diamond, layout_loops_cross,
          hellmonk_ecumenical_altar_leap_of_faith
D:3:      layout_rooms, slow_altar_2
D:4:      layout_rooms, minmay_quantized, uniq_natasha

Skill      XL: |  1  2  3  4  5  6  7 |
---------------+----------------------+-----
Spellcasting   | 3 4 5 6 |  6.6
Hexes          | 4 5 6 7 |  7.1
Stealth        | 5 6 |  6.8
Short Blades   | |  1.1
Dodging        | |  2.6

Action                   |  1- 3 |  4- 6 |  7- 9 || total
-------------------------+-------+-------+-------++-------
Melee: Dagger            |   107 |   180 |    28 ||   315
       Punch             |     1 |     2 |       ||     3
 Cast: Ensorcelled Hiber |    12 |    26 |     4 ||    42
       Confusing Touch   |       |     5 |     1 ||     6
       Tukima's Dance    |       |     5 |       ||     5
  Use: Scroll            |     6 |     3 |       ||     9
       Potion            |       |     5 |       ||     5
 Stab: Sleeping          |    13 |    21 |     1 ||    35
       Confused          |       |     4 |     2 ||     6
       Distracted        |       |       |     1 ||     1
Armor: Robe              |    14 |    24 |     3 ||    41
Dodge: Dodged            |    75 |   133 |    13 ||   221

Table legend: (Time is in decaauts)
 A = Elapsed time spent in this place.
 B = Non-inter-level travel time spent in this place.
 C = Inter-level travel time spent in this place.
 D = Time resting spent in this place.
 E = Time spent auto-exploring this place.
 F = Levels seen in this place.
 G = Mean time per level.
                   A        B        C        D        E       F      G
               +--------+--------+--------+--------+--------+-----+--------+
         Total |   4082 |   4022 |     60 |    526 |   2678 |   4 | 1020.5 |
       Dungeon |   4082 |   4022 |     60 |    526 |   2678 |   4 | 1020.5 |
               +--------+--------+--------+--------+--------+-----+--------+

Top non-repeatable levels by time:
     D:3: 1292 daAuts
     D:4: 1008 daAuts
     D:1: 936 daAuts
     D:2: 844 daAuts
